 Dungeon Crawl Stone Soup version 0.24-a0-271-ga0fc33f (webtiles) character file.

Game seed: 15264457808866135925

91 Dordric the Slasher (level 4, -1/35 HPs)
             Began as a Human Monk on Apr 24, 2019.
             Was a Believer of the Shining One.
             Slain by a centaur (3 damage)
             ... on level 3 of the Dungeon.
             The game lasted 00:06:20 (2630 turns).

Dordric the Slasher (Human Monk)                    Turns: 2630, Time: 00:06:21

Health: -1/35      AC:  5    Str: 12    XL:     4   Next: 87%
Magic:  1/4        EV: 11    Int: 14    God:    the Shining One [**....]
Gold:   162        SH:  6    Dex: 15    Spells: 3/3 levels left

rFire    . . .     SeeInvis .   a - +1 falchion
rCold    . . .     Gourm    .   (no shield)
rNeg     + . .     Faith    .   m - -1 ring mail (curse)
rPois    .         Spirit   .   (no helmet)
rElec    .         Reflect  .   (no cloak)
rCorr    .         Harm     .   b - +0 pair of gloves
MR       .....                  (no boots)
Stlth    +.........             (no amulet)
HPRegen  0.11/turn              d - ring of stealth
MPRegen  0.09/turn              g - +3 ring of intelligence

@: divine shield, glowing
A: no striking features
a: Divine Shield, Renounce Religion


You were on level 3 of the Dungeon.
You worshipped the Shining One.
The Shining One was pleased with you.
You were not hungry.

You visited 1 branch of the dungeon, and saw 3 of its levels.

You collected 162 gold pieces.

Inventory:

Hand Weapons
 a - a +1 falchion (weapon)
Armour
 b - a +0 pair of gloves (worn)
 l - a +0 ring mail
 m - a cursed -1 ring mail (worn)
Jewellery
 d - a ring of stealth (left hand)
 g - a +3 ring of intelligence (right hand)
Scrolls
 e - 2 scrolls of teleportation
 f - 2 scrolls of identify
 i - a scroll of noise {unknown}
 p - a scroll of random uselessness {unknown}
 q - a scroll of amnesia {unknown}
Potions
 h - a potion of cancellation {unknown}
 j - a potion of heal wounds {unknown}
 k - a potion of ambrosia {unknown}
 n - a potion of curing {unknown}
Comestibles
 c - 2 rations
 o - a chunk of flesh


   Skills:
 - Level 3.0 Fighting
 + Level 5.2 Long Blades
 - Level 3.0 Dodging
 - Level 2.0 Stealth


You had 3 spell levels left.
You didn't know any spells.
Your spell library was empty.

Dungeon Overview and Level Annotations

Branches:
Dungeon (3/15)

Altars:
Kikubaaqudgha
Zin
The Shining One


Message History

The centaur is heavily wounded.
The centaur hits you.
* * * LOW HITPOINT WARNING * * *
The centaur hits you.
* * * LOW HITPOINT WARNING * * *
You hit the centaur.
The centaur is heavily wounded.
The centaur closely misses you. The centaur hits you.
* * * LOW HITPOINT WARNING * * *
You see here an arrow.
The centaur wields a +0 shortbow.
The centaur shoots an arrow.
The arrow closely misses you.
You see here an arrow.
The centaur unwields a +0 shortbow.
The centaur hits you but does no damage.
You see here an arrow.
You hit the centaur.
The centaur is heavily wounded.
The centaur hits you.
You die...

#.##.# #..## #.##.#
#... ##.##.# #..#
.####...#.# #..##
..........#######....
#.##...#..).(...(.##
#. ##.##..##.####.##
#.#.###(##..##........
#..oc@(.........###.##
###.######..........##
#. ##.########## #.
#.# #. ..# ## ###


You could see a centaur and an orc.

Vanquished Creatures
  Jessica (D:2)
  Robin (D:2)
  2 adders (D:2)
  A dart slug (D:1)
  2 leopard geckos
  3 bats
  A giant cockroach (D:3)
  5 goblins
  7 hobgoblins
  2 frilled lizards
  5 kobolds
  3 rats
33 creatures vanquished.

Notes
Turn   | Place    | Note
-------+----------+-------------------------------------------
     0 | D:1      | Dordric the Human Monk began the quest for the Orb.
     0 | D:1      | Reached XP level 1. HP: 18/18 MP: 1/1
    47 | D:1      | Reached XP level 2. HP: 15/24 MP: 2/2
  1134 | D:2      | Reached skill level 4 in Long Blades
  1134 | D:2      | Reached XP level 3. HP: 14/29 MP: 3/3
  1237 | D:2      | Noticed Jessica
  1459 | D:2      | Noticed Robin
  1480 | D:2      | Killed Robin
  1666 | D:2      | Killed Jessica
  1666 | D:2      | Reached XP level 4. HP: 11/35 MP: 4/4
  1887 | D:2      | Found an ancient bone altar of Kikubaaqudgha.
  1889 | D:2      | Found a glowing golden altar of the Shining One.
  2062 | D:2      | Reached skill level 5 in Long Blades
  2084 | D:2      | Found a glowing silver altar of Zin.
  2152 | D:2      | Became a worshipper of the Shining One
  2152 | D:2      | Reached * piety under the Shining One
  2152 | D:2      | Reached ** piety under the Shining One
  2611 | D:3      | Noticed a centaur
  2626 | D:3      | HP: 1/35 [centaur (2)]
  2630 | D:3      | Slain by a centaur

Levels and vault maps discovered:
D:1:      saegor_arrival_miasma, layout_basic
D:2:      layout_loops_ring, minitemple, kiku_gazebo_garden_becter,
          uniq_jessica, uniq_robin
D:3:      layout_loops_ring, minmay_misc_feat_tiny

Skill      XL: |  1  2  3  4 |
---------------+-------------+-----
Long Blades    | 4 5 |  5.2
Fighting       | |  3.0
Dodging        | |  3.0
Stealth        | |  2.0

Action                   |  1- 3 |  4- 6 || total
-------------------------+-------+-------++-------
Melee: Falchion          |    92 |    19 ||   111
Invok: Divine Shield     |       |     1 ||     1
  Use: Scroll            |     4 |       ||     4
 Stab: Sleeping          |     2 |       ||     2
       Distracted        |     1 |       ||     1
  Eat: Ration            |     1 |       ||     1
       Chunk             |       |     2 ||     2
Armor: Robe              |    13 |       ||    13
       Ring mail         |    15 |     8 ||    23
Dodge: Dodged            |    71 |    14 ||    85
Block: Other             |       |     1 ||     1
       Rpst.: Falchion   |    21 |     4 ||    25

Table legend:
 A = Non-vault XP
 B = Vault XP
 C = Vault XP percentage of total XP
 D = Non-vault monster count
 E = Vault monster count
 F = Vault count percentage of total count
                 A         B        C        D         E       F
            +---------+---------+-------+---------+---------+-------
      Total |      65 |      65 |  50.0 |      25 |       8 |  24.2
            +---------+---------+-------+---------+---------+-------
        D:1 |      18 |       0 |   0.0 |      11 |       0 |   0.0
        D:2 |      36 |      65 |  64.4 |       8 |       8 |  50.0
        D:3 |      11 |       0 |   0.0 |       6 |       0 |   0.0
            +---------+---------+-------+---------+---------+-------
